 Dungeon Crawl Stone Soup version 0.31.0-11-ge490571c62 (webtiles) character file.

Game seed: 11051618630808620815

155 Gadfly the Insei (level 5, -2/41 HPs)
             Began as a Demonspawn Monk on Feb 2, 2024.
             Slain by a gnoll
             ... wielding a +0 halberd
              (6 damage)
             ... on level 2 of the Dungeon.
             The game lasted 00:02:06 (2216 turns).

Gadfly the Insei (Demonspawn Monk)                  Turns: 2216, Time: 00:02:07

Health: -2/41      AC:  4    Str: 19    XL:     5   Next: 14%
Magic:  5/5        EV: 13    Int: 10    God:
Gold:   55         SH:  0    Dex: 16    Spells: 4/4 levels left

rFire   . .          .
                       - Unarmed
rCold   . . .        c - orb {light}
rNeg    . . .        a - +0 robe
rPois   .            i - +1 helmet
rElec   .            (no cloak)
rCorr   .            (no gloves)
SInv    .            (no boots)
Will    +....        (no amulet)
Stlth   +            k - ring of willpower
HPRegen 0.26/turn    j - +6 ring of strength
MPRegen 0.09/turn

%: no passive effects
@: glowing
A: demonic guardian 1, demonic magic 1
a: no special abilities


You were on level 2 of the Dungeon.
You visited 1 branch of the dungeon, and saw 2 of its levels.

You collected 55 gold pieces.

Inventory:

Armour
 a - a +0 robe (worn)
 c - an orb of light (worn)
 i - a +1 helmet (worn)
Jewellery
 j - a +6 ring of strength (right hand)
 k - a ring of willpower (left hand)
Scrolls
 e - a scroll of poison
Potions
 b - a potion of ambrosia
 f - a potion of brilliance {unknown}
 g - a potion of magic {unknown}


   Skills:
 - Level 3.0 Fighting
 + Level 3.2 Dodging
 * Level 3.6 Unarmed Combat
 * Level 2.3 Evocations
 * Level 1.9 Shapeshifting


You had 4 spell levels left.
You didn't know any spells.
Your spell library contained the following spells:

 Spells                   Type           Power      Damage    Failure   Level
 Confusing Touch          Hex            0%         N/A       75%         3
 Inner Flame              Hex/Fire       0%         N/A       75%         3
 Alistair's Intoxication  Alch           0%         N/A       100%        5
 Metabolic Englaciation   Hex/Ice        0%         N/A       100%        5


Dungeon Overview and Level Annotations

Branches:
Dungeon (2/15)

Altars:

Annotations:
D:2 1 runed translucent door, Crazy Yiuf


Innate Abilities, Weirdness & Mutations

A weak demonic guardian rushes to your aid.
Spells you cast may paralyse adjacent enemies.


Message History

You start resting.
HP restored.
You climb downwards.
Level annotation: 1 runed translucent door, Crazy Yiuf
There is a stone staircase leading up here.
The gnoll hits you from afar with a +0 halberd!
The gnoll hits you but does no damage. The gnoll misses you.
You barely miss the gnoll. The gnoll hits you with a +0 halberd.
The gnoll barely misses you.
You hit the gnoll.
The gnoll is lightly wounded.
The gnoll barely misses you.
You hit the gnoll.
The gnoll is lightly wounded.
The gnoll completely misses you.
The gnoll hits you from afar with a +0 spear.
You hit the gnoll but do no damage.
The gnoll is lightly wounded.
The gnoll misses you.
You hit the gnoll.
The gnoll is moderately wounded.
The gnoll barely misses you. x2
You hit the gnoll.
The gnoll is moderately wounded.
The gnoll barely misses you. The gnoll closely misses you.
You hit the gnoll.
The gnoll is heavily wounded.
The gnoll hits you from afar with a +0 spear!
The gnoll hits you with a +0 halberd!
* * * LOW HITPOINT WARNING * * *
A demonic guardian appears!
You are too injured to fight recklessly!
You are too injured to fight recklessly!
You are too injured to fight recklessly!
You are too injured to fight recklessly!
You are too injured to fight recklessly!
You are too injured to fight recklessly!
You swap places.
The gnoll barely misses you. The gnoll hits you with a +0 halberd.
You die...

#........########........
#........+...............
#.....)..#######.........
#........' #.........
#.......g##### #.........
###+###+#....# #.##'#####
#.##.#.# #.##.#
###.##.#.#.#.##.#
#<.5@g.....#.##.#
###g########.##.#
#..........##.#
#.###########.# #.# ###


You could see 2 gnolls and a friendly quasit (summoned).

Vanquished Creatures
  Natasha (thrice) (D:2)
  A gnoll (D:2)
  A ribbon worm (D:2)
  A dart slug (D:2)
  2 bats
  5 endoplasms
  4 goblins
  A hobgoblin (D:1)
  10 jackals (D:1)
  4 quokkas
  5 ball pythons
  A frilled lizard (D:1)
  3 kobolds
  4 rats
45 creatures vanquished.

Vanquished Creatures (collateral kills)
  A gnoll (D:2)
  A ribbon worm (D:2)
  A giant cockroach (D:2)
  A kobold (D:2)
  A bat (D:2)
  A goblin (D:1)
6 creatures vanquished.

Grand Total: 51 creatures vanquished

Notes
Turn   | Place    | Note
-------+----------+-------------------------------------------
     0 | D:1      | Gadfly the Demonspawn Monk began the quest for the Orb.
     0 | D:1      | Reached XP level 1. HP: 18/18 MP: 1/1
    89 | D:1      | Gained mutation: A weak demonic guardian rushes to your
                  | aid. [demonic ancestry]
    89 | D:1      | Reached XP level 2. HP: 12/24 MP: 2/2
   325 | D:1      | Reached skill level 1 in Evocations
   709 | D:1      | Reached skill level 1 in Shapeshifting
   713 | D:1      | Reached XP level 3. HP: 24/29 MP: 3/3
  1508 | D:2      | Noticed Natasha
  1518 | D:2      | Killed Natasha
  1519 | D:2      | Reached XP level 4. HP: 17/35 MP: 4/4
  1643 | D:2      | Noticed Natasha
  1646 | D:2      | Found a faded altar of an unknown god.
  1662 | D:2      | Killed Natasha
  1749 | D:2      | Noticed Natasha
  1758 | D:2      | Killed Natasha
  1849 | D:2      | Got Qolepp's Anthology of Baneful Interference
  1982 | D:2      | Found a runed translucent door.
  1983 | D:2      | Noticed Crazy Yiuf
  2109 | D:2      | Gained mutation: Spells you cast may paralyse adjacent
                  | enemies. [demonic ancestry]
  2109 | D:2      | Reached XP level 5. HP: 31/41 MP: 5/5
  2216 | D:2      | Slain by a gnoll

Illustrated notes

Levels and vault maps discovered:
D:1:      evilmike_arrival_crescent, layout_basic
D:2:      layout_basic, ebering_ecumenical_altar_abandoned, uniq_robin,
          uniq_crazy_yiuf_cottage, uniq_natasha

Skill      XL: |  1  2  3  4 |
---------------+-------------+-----
Evocations     | 1 2 |  2.3
Unarmed Combat | 3 |  3.6
Shapeshifting  | 1 |  1.9
Dodging        | 3 |  3.2
Fighting       | |  3.0

Action                     |  1- 3 |  4- 6 || total
---------------------------+-------+-------++-------
  Melee: Unarmed           |   104 |    70 ||   174
    Use: Scroll            |     6 |     1 ||     7
 Armour: Robe              |    71 |    37 ||   108
  Dodge: Dodged            |    77 |    48 ||   125
